 Dungeon Crawl Stone Soup version 0.24-b1-44-g37ad8b309f (webtiles) character file.

Game seed: 7830696587634328879, levelgen mode: deterministic

1594 Ruokin the Cleaver (level 8, -5/109 HPs)
             Began as a Hill Orc Berserker on Oct 24, 2019.
             Was a Priest of Trog.
             Slain by Emblim88's ghost (11 damage)
             ... on level 6 of the Dungeon.
             The game lasted 00:17:59 (4682 turns).

Ruokin the Cleaver (Hill Orc Berserker)             Turns: 4682, Time: 00:17:59

Health: -5/109     AC: 11    Str: 31    XL:     8   Next: 93%
Magic:  8/8        EV: 12    Int:  7    God:    Trog [***...]
Gold:   308        SH:  0    Dex: 10    Spells: 7/7 levels left

rFire    + . .     SeeInvis .   z - +0 great sword
rCold    . . .     Gourm    .   (shield currently unavailable)
rNeg     . . .     Faith    .   r - +3 ring mail {rF+}
rPois    .         Spirit   .   e - +0 helmet
rElec    .         Reflect  .   (no cloak)
rCorr    .         Harm     .   n - +0 pair of gloves
MR       ++...                  (no boots)
Stlth    ..........             (no amulet)
HPRegen  1.28/turn              j - +4 ring of strength
MPRegen  0.11/turn              (no ring)

@: berserking, regenerating, very quick
A: no striking features
a: Berserk, Trog's Hand, Renounce Religion


You were on level 6 of the Dungeon.
You worshipped Trog.
Trog was most pleased with you.
You were very hungry.

You visited 1 branch of the dungeon, and saw 6 of its levels.

You collected 308 gold pieces.

Inventory:

Hand Weapons
 a - a +1 hand axe
 x - a +0 long sword
 z - a +0 great sword (weapon)
Armour
 e - a +0 helmet (worn)
 n - a +0 pair of gloves (worn)
 r - a +3 ring mail of fire resistance (worn)
Jewellery
 i - an uncursed ring of teleportation
 j - a +4 ring of strength (left hand)
 l - an uncursed amulet of guardian spirit
Wands
 b - a wand of random effects (22)
Scrolls
 h - a scroll of noise {unknown}
 q - a scroll of magic mapping {unknown}
 s - a scroll of enchant weapon
 u - a scroll of fog {unknown}
 v - a scroll of amnesia {unknown}
 w - a scroll of identify
 y - a scroll of blinking
Potions
 d - 2 potions of curing
 f - a potion of lignification {unknown}
 g - a potion of heal wounds {unknown}
 k - a potion of might {unknown}
 m - a potion of ambrosia {unknown}
 o - 2 potions of agility {unknown}
 p - a potion of haste
 t - a potion of cancellation {unknown}
Comestibles
 c - 11 rations


   Skills:
 + Level 7.4 Fighting
 - Level 11.1 Axes
 + Level 4.5 Armour
 + Level 3.2 Dodging


You had 7 spell levels left.
You didn't know any spells.
Your spell library was empty.

Dungeon Overview and Level Annotations

Branches:
Dungeon (6/15)             Temple (0/1) D:5

Altars:
Ashenzari
Cheibriados
Trog
Yredelemnul

Annotations:
D:6 Emblim88's ghost, novice TrMo


Message History

Emblim88's ghost barely misses you.
You riposte.
You closely miss Emblim88's ghost.
Emblim88's ghost is heavily damaged.
Emblim88's ghost hits you!
You closely miss Emblim88's ghost.
Emblim88's ghost is heavily damaged.
Emblim88's ghost hits you!
Your skin crawls.
You feel resistant to hostile enchantments.
You are feeling hungry.
Emblim88's ghost hits you!!
* * * LOW HITPOINT WARNING * * *
A red film seems to cover your vision as you go berserk!
You feel yourself moving faster!
You feel mighty!
You are feeling very hungry.
Emblim88's ghost hits you but does no damage.
You completely miss Emblim88's ghost.
Emblim88's ghost is heavily damaged.
Emblim88's ghost hits you!
You die...

≈≈# ####≈≈# # #[.#≈≈# #
#..#≈.# # #..≈.≈# ##
####....########.
########......###....#..
........####............
.......@#.P#............
###.##..W!8#..###†...###
# ##.#.P#### ######
######


You could see Emblim88's ghost.

Vanquished Creatures
  Prince Ribbit (D:5)
  A hippogriff (D:6)
  Eustachio (D:6)
  An ice beast (D:5)
  A centaur (D:6)
  A bullfrog (D:6)
  A water moccasin zombie (D:6)
  A scorpion (D:5)
  A howler monkey (D:6)
  A crimson imp (D:4)
  3 hounds
  5 orc priests
  2 orc wizards (D:6)
  Terence (D:3)
  Natasha (thrice) (D:3)
  2 worker ants
  3 gnolls (D:5)
  8 adders
  2 adder skeletons
  4 worms
  A dart slug (D:1)
  2 leopard geckos
  6 orcs
  3 ball pythons
  5 giant cockroaches
  9 goblins
  8 hobgoblins
  2 quokkas (D:5)
  14 bats
  10 frilled lizards
  6 kobolds
  A leopard gecko zombie (D:5)
  7 rats
117 creatures vanquished.

Notes
Turn   | Place    | Note
-------+----------+-------------------------------------------
     0 | D:1      | Ruokin the Hill Orc Berserker began the quest for the Orb.
     0 | D:1      | Reached XP level 1. HP: 19/19 MP: 1/1
    76 | D:1      | Reached XP level 2. HP: 10/27 MP: 2/2
   818 | D:1      | Reached ** piety under Trog
   818 | D:1      | Reached XP level 3. HP: 33/33 MP: 3/3
  1234 | D:2      | Found a bloodstained altar of Trog.
  1320 | D:2      | Reached skill level 5 in Axes
  1447 | D:2      | Reached XP level 4. HP: 41/41 MP: 4/4
  1883 | D:3      | Found a basalt altar of Yredelemnul.
  2032 | D:3      | Noticed Natasha
  2040 | D:3      | Killed Natasha
  2052 | D:3      | Reached XP level 5. HP: 38/47 MP: 5/5
  2053 | D:3      | Reached *** piety under Trog
  2095 | D:3      | Reached skill level 5 in Fighting
  2095 | D:3      | Reached skill level 6 in Axes
  2401 | D:3      | Noticed Terence
  2424 | D:3      | Killed Terence
  2540 | D:3      | Noticed Natasha
  2549 | D:3      | Killed Natasha
  2637 | D:3      | Noticed Natasha
  2644 | D:3      | Killed Natasha
  2644 | D:3      | Reached XP level 6. HP: 46/56 MP: 6/6
  2749 | D:4      | Reached skill level 7 in Axes
  2831 | D:4      | Found a shattered altar of Ashenzari.
  3402 | D:5      | Entered Level 5 of the Dungeon
  3732 | D:5      | Reached XP level 7. HP: 55/62 MP: 7/7
  3734 | D:5      | Reached skill level 8 in Axes
  3993 | D:5      | Found a snail-covered altar of Cheibriados.
  4117 | D:5      | Noticed Prince Ribbit
  4133 | D:5      | Killed Prince Ribbit
  4133 | D:5      | Reached skill level 9 in Axes
  4238 | D:5      | Found a staircase to the Ecumenical Temple.
  4319 | D:6      | Noticed Eustachio
  4319 | D:6      | Noticed a hippogriff
  4327 | D:6      | Reached XP level 8. HP: 71/71 MP: 8/8
  4332 | D:6      | Killed a hippogriff
  4335 | D:6      | Reached skill level 10 in Axes
  4385 | D:6      | Killed Eustachio
  4543 | D:6      | Reached skill level 11 in Axes
  4671 | D:6      | Found a runed translucent door.
  4671 | D:6      | Noticed Emblim88's ghost (novice TrMo)
  4680 | D:6      | HP: 2/73 [Emblim88's ghost (25)]
  4682 | D:6      | Slain by Emblim88's ghost

Skill      XL: |  1  2  3  4  5  6  7  8 |
---------------+-------------------------+-----
Fighting       | 4 5 6 7 |  7.4
Axes           | 5 6 7 9 11 | 11.1
Dodging        | 2 3 |  3.2
Armour         | 3 4 |  4.5

Action                   |  1- 3 |  4- 6 |  7- 9 || total
-------------------------+-------+-------+-------++-------
Melee: Hand axe          |   141 |   231 |   135 ||   507
       Great sword       |       |       |    12 ||    12
Invok: Berserk           |     1 |     2 |     4 ||     7
       Trog's Hand       |       |     2 |     5 ||     7
  Use: Scroll            |       |     4 |     4 ||     8
  Eat: Chunk             |     2 |     2 |     2 ||     6
       Ration            |       |     2 |     2 ||     4
Armor: Animal skin       |    66 |    14 |       ||    80
       Ring mail         |       |    34 |    71 ||   105
Dodge: Dodged            |   116 |   120 |   117 ||   353
       Rpst.: Great sword |       |       |     1 ||     1
